[Event "Late-Titled-Tuesday-Blitz-February-27-2024"]
[Site "Chess.com"]
[Date "2024.02.27"]
[Round "6"]
[White "PawnEatingZombie"]
[Black "PNEPaul"]
[Result "1/2-1/2"]
[WhiteElo "2172"]
[BlackElo "2040"]
[TimeControl "180+1"]
[EndTime "15:05:04 PST"]
[Termination "Game drawn by repetition"]

1. e4 e5 2. Nf3 Nc6 3. Nc3 Be7 4.
Bb5 d6 5. d3 Nf6 6. O-O O-O 7.
Bxc6 bxc6 8. h3 h6 9. Nh2 d5 10.
Qe2 d4 11. Nd1 c5 12. b3 Be6 13. f4 exf4 14. Bxf4 Qd7 15. Nb2 Rae8 16. Qf2 Nh5 17. Bd2 Bd6 18. Qh4 Bxh2+ 19. Kxh2 Qd6+ 20. g3 Qe5 21. Bf4 Nxf4 22. gxf4 Qf6 23. Qxf6 gxf6 24. Rg1+ Kh7 25. Na4 f5 26. Nxc5 fxe4 27. dxe4 f5 28. Nxe6 Rxe6 29. e5 Rc6 30. Rg2 Rc3 31. Re1 Rf3 32.
e6 Rxf4 33. e7 Re8 34. Re6 Re4 35. Rf6 R8xe7 36. Rxf5 Re2 37. Rd5 Rxg2+ 38. Kxg2 Re2+ 39. Kf3 Rxc2 40. Rxd4 Rxa2 41. Rc4 Ra3 42. Rxc7+ Kg6 43. Kg4 Rxb3 44. Rxa7 Rb4+ 45. Kg3 Rb3+ 46. Kg4 Rb4+ 47. Kg3 Rb3+ 48. Kg4 1/2-1/2

[Event "Late-Titled-Tuesday-Blitz-February-27-2024"]
[Site "Chess.com"]
[Date "2024.02.27"]
[Round "6"]
[White "tteshan"]
[Black "Dhaydon19"]
[Result "1/2-1/2"]
[WhiteElo "2599"]
[BlackElo "2744"]
[TimeControl "180+1"]
[EndTime "15:05:05 PST"]
[Termination "Game drawn by stalemate"]

1. e4 c6 2. d4 d5 3. Nc3 dxe4 4. Nxe4 Nf6 5. Nxf6+ exf6 6. c3 Be7 7. Bd3 O-O 8. Ne2 Re8 9. O-O Bg4 10. Qc2 g6 11. h3 Bxe2 12. Bxe2 Bd6 13. Bf3 Nd7 14. Be3 f5 15. Rfe1 Qh4 16. Bd2 Nf6 17. Qd3 Ng4 18. Bxg4 fxg4 19. Rxe8+ Rxe8 20. Re1 Rxe1+ 21. Bxe1 gxh3 22.
Qxh3 Qxh3 23. gxh3 f5 24. c4 Kf7 25. Kg2 Ke6 26.
Kf3 g5 27. Bd2 Kf6 28. Bc3 Kg6 29. b4 h5 30. b5 cxb5 31. cxb5 g4+ 32. Kg2 Kf6 33.
d5+ Be5 34. Bd2 Ke7 35. Bb4+ Kd7 36. a4 Kc7 37. Bc5 Bd6 38. Bd4 a6 39. bxa6 bxa6 40. hxg4 fxg4 41. f3 Kd7 42. fxg4 hxg4 43. Bf2 Ke7 44.
Bg3 Bc5 45. Be5 Bd6 46. Bxd6+ Kxd6 47. Kg3 Kxd5 48. Kxg4 Kc4 49. Kf3 Kb4 50. Ke3 Kxa4 51. Kd2 Ka3 52. Kc1 Ka2 53. Kc2 a5 54. Kc1 a4 55.
Kc2 a3 56. Kc1 Ka1 57. Kc2 a2 58. Kc1 1/2-1/2

[Event "Late-Titled-Tuesday-Blitz-February-27-2024"]
[Site "Chess.com"]
[Date "2024.02.27"]
[Round "6"]
[White "kai_nov"]
[Black "yuriydovzik"]
[Result "1-0"]
[WhiteElo "2326"]
[BlackElo "2120"]
[TimeControl "180+1"]
[EndTime "15:05:07 PST"]
[Termination "kai_nov won on time"]

1. d4 Nf6 2. c4 e6 3. Nc3 Bb4 4. f3 d5 5. a3 Bxc3+ 6. bxc3 O-O 7. e3 b6 8. cxd5 exd5 9. Bd3 c5 10. Ne2 Ba6 11.
O-O Re8 12. Ng3 Bxd3 13. Qxd3 Nc6 14. Bb2 Na5 15. Rae1 Re6 16. e4 cxd4 17. cxd4 Qd7 18. e5 Ne8 19. f4 Rc6 20. f5 Rac8 21. e6 fxe6 22. fxe6 Rxe6 23. Qf5 Nc7 24. Bc3 g6 25. Qg4 Nc4 26. Nh5 Qe7 27. Bb4 1-0

[Event "Late-Titled-Tuesday-Blitz-February-27-2024"]
[Site "Chess.com"]
[Date "2024.02.27"]
[Round "6"]
[White "Seochesspie"]
[Black "ozates"]
[Result "1-0"]
[WhiteElo "2886"]
[BlackElo "2615"]
[TimeControl "180+1"]
[EndTime "15:05:08 PST"]
[Termination "Seochesspie won by resignation"]

1. e4 e5 2. Nf3 Nc6 3. Bb5 a6 4. Ba4 d6 5. c3 Bd7 6. d4 g6 7.
O-O Bg7 8. Re1 Nge7 9. Be3 O-O 10. Nbd2 h6 11. Bc2 f5 12. dxe5 f4 13. exd6 fxe3 14. dxe7 exf2+ 15. Kxf2 Qxe7 16. Kg1 Rad8 17. Qe2 Bg4 18. Qe3 Ne5 19. Nxe5 Bxe5 20. Nf3 Bxf3 21. gxf3 Bf4 22. Qf2 Rd2 23. Re2 Rfd8 24. Rae1 Kg7 25.
Bb3 Qg5+ 26. Kh1 c5 27. Bd5 Rd3 28. Rf1 b6 29. a4 Be5 30. Qg2 Qf4 31. Ref2 g5 32.
Qh3 Rf8 33. Bc4 Rd6 34. Bxa6 h5 35. Bc4 g4 36. Qg2 Kh8 37. fxg4 Qxf2 38. Rxf2 Rd1+ 39.
Bf1 1-0

[Event "Late-Titled-Tuesday-Blitz-February-27-2024"]
[Site "Chess.com"]
[Date "2024.02.27"]
[Round "6"]
[White "ArturoCaceres"]
[Black "pirulillo"]
[Result "0-1"]
[WhiteElo "2454"]
[BlackElo "2247"]
[TimeControl "180+1"]
[EndTime "15:05:08 PST"]
[Termination "pirulillo won by resignation"]

1. b3 Nf6 2. Bb2 g6 3. Nf3 Bg7 4. e3 d6 5. d4 O-O 6. Bd3 Nbd7 7. O-O e5 8. Nbd2 Re8 9. e4 a5 10. a3 Qe7 11. d5 Nh5 12. c4 Rf8 13. Qc2 Nc5 14.
Ne1 f5 15. b4 axb4 16. axb4 Rxa1 17. Bxa1 Nxd3 18. Nxd3 Nf4 19. Nxf4 exf4 20. Bxg7 Qxg7 21. f3 g5 22. exf5 Qd4+ 23. Kh1 Bxf5 24. Ne4 Ra8 25.
h3 h6 26. Rd1 Ra1 27. Rxa1 Qxa1+ 28. Kh2 Qe5 29. Qd3 Kf7 30. c5 Bxe4 31. Qxe4 Qxe4 32.
fxe4 Kf6 33. g4 Ke5 0-1

[Event "Late-Titled-Tuesday-Blitz-February-27-2024"]
[Site "Chess.com"]
[Date "2024.02.27"]
[Round "6"]
[White "DeTimmerman"]
[Black "MrKGG1"]
[Result "1-0"]
[WhiteElo "2741"]
[BlackElo "2582"]
[TimeControl "180+1"]
[EndTime "15:05:10 PST"]
[Termination "DeTimmerman won by resignation"]

1. b4 Nf6 2. Bb2 d5 3. b5 Bf5 4. e3 e6 5. c4 Nbd7 6. Nf3 h6 7. Be2 Be7 8. O-O O-O 9. a4 a5 10. Nc3 c6 11. d4 Nb6 12. c5 Nbd7 13. Qb3 Rb8 14. Nd2 e5 15. f4 exd4 16. exd4 Re8 17. Rae1 Nf8 18. Qd1 Ne6 19. Nb3 Ne4 20. Bd3 Nxc3 21.
Bxc3 Bxd3 22. Qxd3 Bf6 23. b6 Re7 24. Re2 Qe8 25.
Ree1 Nxf4 26. Rxe7 Nxd3 27. Rxe8+ Rxe8 28. Nxa5 Nxc5 29. dxc5 Bxc3 30. Nxb7 Rb8 31. a5 d4 32. a6 d3 33.
Rd1 d2 34. a7 Ra8 35. Kf1 Kf8 36. Nd6 1-0

[Event "Late-Titled-Tuesday-Blitz-February-27-2024"]
[Site "Chess.com"]
[Date "2024.02.27"]
[Round "6"]
[White "Mikayel99"]
[Black "ckgchess"]
[Result "0-1"]
[WhiteElo "2562"]
[BlackElo "2881"]
[TimeControl "180+1"]
[EndTime "15:05:13 PST"]
[Termination "ckgchess won by resignation"]

1. e4 e5 2. Nf3 Nf6 3. Nxe5 d5 4. d4 Nxe4 5. Bd3 Nd7 6. O-O Nxe5 7. dxe5 Nc5 8. Re1 Be7 9. Nc3 Nxd3 10. Qxd3 c6 11.
Ne2 O-O 12. Nd4 Re8 13. Bf4 Bc5 14. Nf5 Qb6 15. Bg3 Qxb2 16. Nd6 Re7 17. Ne4 Bb6 18. Bh4 dxe4 19. Qg3 Qxe5 20. Bxe7 Qxe7 21. Rad1 Bf5 22. Qf4 Bg6 23. h4 h5 24. Qg5 Qxg5 25. hxg5 Rd8 26. Rxd8+ Bxd8 27. Rd1 Bxg5 28. Rd7 e3 29. fxe3 Bxe3+ 30. Kh2 b5 31. Rc7 Bf4+ 0-1

[Event "Late-Titled-Tuesday-Blitz-February-27-2024"]
[Site "Chess.com"]
[Date "2024.02.27"]
[Round "6"]
[White "Grischuk"]
[Black "gahryman"]
[Result "1-0"]
[WhiteElo "3042"]
[BlackElo "2698"]
[TimeControl "180+1"]
[EndTime "15:05:13 PST"]
[Termination "Grischuk won on time"]

1. d4 Nf6 2. c4 e6 3. Bg5 d5 4. e3 c5 5. cxd5 cxd4 6. Qxd4 Qa5+ 7. Nd2 Nxd5 8. Nf3 Nc6 9. Qe4 Bb4 10. a3 h6 11. Bh4 g5 12. Bg3 f5 13. Qc2 g4 14.
Nh4 Kf7 15. Rd1 Be7 16. Bc4 Rd8 17. O-O Bd7 18. Nb3 Qb6 19. Bxd5 exd5 20. Nxf5 Bf6 21.
Nbd4 Nxd4 22. exd4 1-0

[Event "Late-Titled-Tuesday-Blitz-February-27-2024"]
[Site "Chess.com"]
[Date "2024.02.27"]
[Round "6"]
[White "FernandoArauzAlonso"]
[Black "kripri"]
[Result "0-1"]
[WhiteElo "2559"]
[BlackElo "2361"]
[TimeControl "180+1"]
[EndTime "15:05:16 PST"]
[Termination "kripri won by resignation"]

1. g3 e5 2. Bg2 d5 3. d3 Nf6 4.
Nf3 Nc6 5. O-O Be7 6. Nbd2 O-O 7. c3 h6 8. Qc2 Be6 9. e4 d4 10. a3 a5 11. c4 Qd7 12. Re1 Bh3 13. Bh1 Qe6 14. b3 Nd7 15. Nf1 Nc5 16. N3d2 h5 17.
f3 h4 18. Re2 Qg6 19. Bg2 Bxg2 20. Rxg2 h3 21. Rf2 Ne6 22. Kh1 Bg5 23. Nb1 f5 24. Bxg5 Nxg5 25. Ra2 fxe4 26. fxe4 Rxf2 27. Qxf2 Nxe4 28.
Qf3 Rf8 29. Qe2 Rf2 30. Qxf2 Nxf2+ 31. Rxf2 Qxd3 32. Nbd2 e4 33. Rf4 e3 34. Ne4 e2 35.
Ned2 exf1=Q+ 36. Nxf1 Qe2 37. Ne3 dxe3 0-1

[Event "Late-Titled-Tuesday-Blitz-February-27-2024"]
[Site "Chess.com"]
[Date "2024.02.27"]
[Round "6"]
[White "GothamChess"]
[Black "Journey_to_GrandMaster_YT"]
[Result "1-0"]
[WhiteElo "2681"]
[BlackElo "2508"]
[TimeControl "180+1"]
[EndTime "15:05:19 PST"]
[Termination "GothamChess won by checkmate"]

1. e4 d6 2. d4 Nf6 3. Nc3 e5 4. Nge2 c6 5. h3 b5 6. a3 Be7 7. g4 Bb7 8. Bg2 a5 9. Ng3 exd4 10. Qxd4 c5 11. Qd1 b4 12. Nce2 g6 13. O-O O-O 14.
e5 Bxg2 15. exf6 Bxh3 16. fxe7 Qxe7 17. Re1 Bxg4 18. Qd5 Nd7 19. Bf4 Ne5 20. Bxe5 dxe5 21. axb4 cxb4 22. Rxa5 Rxa5 23. Qxa5 Bf3 24. Nd4 Ba8 25.
Qxe5 Qh4 26. Ne4 f6 27. Qe6+ Kg7 28. Qe7+ Kg8 29. Ne6 Qg4+ 30. Ng3 Rc8 31. Qg7# 1-0

[Event "Late-Titled-Tuesday-Blitz-February-27-2024"]
[Site "Chess.com"]
[Date "2024.02.27"]
[Round "6"]
[White "northridgehawk"]
[Black "pfalcon1949"]
[Result "1-0"]
[WhiteElo "2276"]
[BlackElo "1913"]
[TimeControl "180+1"]
[EndTime "15:05:19 PST"]
[Termination "northridgehawk won by resignation"]

1. e4 e6 2. Nc3 d5 3. Nf3 Nf6 4. e5 Nfd7 5. d4 c5 6. dxc5 Nxc5 7.
Bf4 a6 8. h4 Nc6 9. h5 h6 10.
Qd2 b5 11. O-O-O Bb7 12. Nd4 Qb6 13. Kb1 Rc8 14. Rh4 Na4 15. Nxd5 exd5 16. e6 Nxd4 17.
exf7+ Kxf7 18. Be3 Qc7 19. Bxd4 Be7 20. Rf4+ Kg8 21.
Bd3 Bg5 22. g3 Bxf4 23. gxf4 Rf8 24. Be5 Qd7 25. Rg1 Rf7 26. Bg6 Re7 27. Qd4 Bc8 28. Bd3 Bb7 29. b3 Bc6 30. bxa4 bxa4 31. Rg6 a3 32.
Kc1 Qb7 33. Qc5 Be8 34. Rb6 Qd7 35. Rd6 Qb7 36. Rxd5 Rxe5 37. Rxe5 Qb2+ 38. Kd2 Bf7 39. Qc8+ 1-0

[Event "Late-Titled-Tuesday-Blitz-February-27-2024"]
[Site "Chess.com"]
[Date "2024.02.27"]
[Round "6"]
[White "Yurovskykh_Oleksandr"]
[Black "AryanTari"]
[Result "0-1"]
[WhiteElo "2674"]
[BlackElo "2931"]
[TimeControl "180+1"]
[EndTime "15:05:20 PST"]
[Termination "AryanTari won by resignation"]

1. d4 d5 2. Bf4 c5 3. e3 cxd4 4. exd4 Nc6 5. c3 f6 6. Nf3 g5 7.
Bd2 Bf5 8. c4 e6 9. h3 Bd6 10.
Qb3 Nge7 11. Nc3 O-O 12. cxd5 Nb4 13. Rc1 Nexd5 14. Nxd5 Nxd5 15. Bc4 Qd7 16. O-O Kh8 17. Rfe1 Rad8 18. Nh2 Qg7 19. Ng4 h5 20. Ne3 Nxe3 21.
Bxe3 e5 22. dxe5 Bxe5 23. Bxa7 g4 24. h4 g3 25. f3 Rd2 26. Re2 Qh6 27. Be3 Bd4 28.
Kf1 Rxe2 29. Bxh6 Rf2+ 30. Ke1 Re8+ 31. Kd1 Rxb2 32. Qa4 Rd8 33. Bd2 Be3 34. Bd5 Rxd2+ 35. Ke1 R2xd5 0-1

[Event "Late-Titled-Tuesday-Blitz-February-27-2024"]
[Site "Chess.com"]
[Date "2024.02.27"]
[Round "6"]
[White "GMKrikor"]
[Black "Mikhail_Golubev"]
[Result "1-0"]
[WhiteElo "2860"]
[BlackElo "2638"]
[TimeControl "180+1"]
[EndTime "15:05:20 PST"]
[Termination "GMKrikor won on time"]

1. Nf3 d6 2. d4 Nf6 3. c4 g6 4. Nc3 Bg7 5. e4 O-O 6. h3 Na6 7. Bg5 Qe8 8. Bd3 e5 9. O-O Nh5 10. Be3 Nf4 11. Bxf4 exf4 12. Nd5 c5 13. dxc5 dxc5 14.
e5 Nb4 15. Re1 Nxd3 16. Qxd3 Bf5 17. Qb3 Rb8 18. Qa3 b5 19. Qxc5 Kh8 20. b3 bxc4 21. bxc4 Rc8 22. Qd4 Qa4 23. Rac1 Qxa2 24. Ne7 Rcd8 25.
Qxf4 Be6 26. Ng5 Rde8 27. Nd5 Bxd5 28. cxd5 Qxd5 29. Rcd1 Bxe5 30. Qh4 1-0

[Event "Late-Titled-Tuesday-Blitz-February-27-2024"]
[Site "Chess.com"]
[Date "2024.02.27"]
[Round "6"]
[White "grzechu96"]
[Black "chucksterf10"]
[Result "1-0"]
[WhiteElo "2751"]
[BlackElo "2584"]
[TimeControl "180+1"]
[EndTime "15:05:20 PST"]
[Termination "grzechu96 won on time"]

1. e4 a6 2. d4 c6 3. Nf3 d5 4.
Nc3 Bg4 5. exd5 cxd5 6. h3 Bh5 7. g4 Bg6 8. Ne5 Nc6 9. h4 Nb4 10. Nxg6 hxg6 11. Bg2 e6 12. Be3 Rxh4 13. Rxh4 Qxh4 14.
Qe2 Nf6 15. g5 Ng4 16. Bf4 Nxf2 17. Be5 Ng4+ 18. Kf1 Nxc2 19. Nxd5 exd5 20. Bf4+ Be7 21.
Qxc2 Nh2+ 22. Bxh2 Qxh2 23. Qf2 Qd6 24. Kg1 Kf8 25.
Rf1 Qe6 26. Bh3 1-0

[Event "Late-Titled-Tuesday-Blitz-February-27-2024"]
[Site "Chess.com"]
[Date "2024.02.27"]
[Round "6"]
[White "Inepton_Fermion"]
[Black "GodzillaChessYoutube"]
[Result "1-0"]
[WhiteElo "2461"]
[BlackElo "2637"]
[TimeControl "180+1"]
[EndTime "15:05:22 PST"]
[Termination "Inepton_Fermion won on time"]

1. d4 Nf6 2. Nc3 d5 3. Bg5 Bf5 4. f3 Nbd7 5. Nxd5 Nxd5 6. e4 h6 7. Bh4 Ne3 8. Qd3 Nxf1 9. exf5 Nxh2 10. Rxh2 c6 11. O-O-O Qa5 12. Kb1 O-O-O 13. g4 Nb6 14. Ne2 Nd5 15. a3 Rd7 16. c4 Nf6 17. Nc3 Qd8 18. Qe3 g5 19. fxg6 fxg6 20. Bg3 b6 21. g5 Nh5 22. Be5 Rh7 23. d5 c5 24. Qe4 Qe8 25.
Rxh5 gxh5 26. Qxh7 hxg5 27. Ne4 Kb7 28. Rh1 h4 29.
Qf5 Ka6 30. Nxg5 Bh6 31. Ne6 Be3 32. Nc7+ Rxc7 33. Bxc7 Qg8 34. Qg4 Qh7+ 35. Qe4 Qh5 36.
Qxe3 1-0

[Event "Late-Titled-Tuesday-Blitz-February-27-2024"]
[Site "Chess.com"]
[Date "2024.02.27"]
[Round "6"]
[White "Hikaru"]
[Black "jefferyx"]
[Result "1-0"]
[WhiteElo "3243"]
[BlackElo "3082"]
[TimeControl "180+1"]
[EndTime "15:05:24 PST"]
[Termination "Hikaru won by resignation"]

1. h3 d5 2. d4 c5 3. dxc5 e6 4. e4 Nf6 5. Nc3 d4 6. e5 dxc3 7. Qxd8+ Kxd8 8. exf6 gxf6 9. Ne2 cxb2 10. Bxb2 Nd7 11.
O-O-O Kc7 12. Ng3 Bxc5 13. Ne4 Be7 14. Bb5 Rd8 15. Bxd7 Bxd7 16. Bxf6 Bc6 17. Bxe7 Rxd1+ 18. Rxd1 Bxe4 19. g4 Bd5 20. a3 Rc8 21. Bf6 Kd7 22. Rd4 Rc4 23. Rxc4 Bxc4 24. Bd4 b6 25. g5 Bf1 26. h4 Be2 27. Kd2 Bh5 28. c4 Kc6 29. f4 Bg6 30. Kc3 Bh5 31. Be3 Bg6 32. Kd4 Kd6 33. Bd2 a5 34. Be3 Bb1 35. Bf2 Bf5 36.
Kc3 Kc6 37. Be1 Bh3 38. Kd4 Bf1 39. Ke5 Kd7 40. Kf6 Ke8 41. c5 bxc5 42. Bxa5 Bd3 43. Bb6 c4 44. Bd4 Bg6 45. a4 Kd7 46. a5 Kc6 47.
Kg7 Kb5 48. Bc3 Ka6 49. Kh6 Kb5 50. h5 Bf5 51. Kg7 1-0

[Event "Late-Titled-Tuesday-Blitz-February-27-2024"]
[Site "Chess.com"]
[Date "2024.02.27"]
[Round "6"]
[White "KNVB"]
[Black "Maikrosoft63"]
[Result "1/2-1/2"]
[WhiteElo "2820"]
[BlackElo "2616"]
[TimeControl "180+1"]
[EndTime "15:05:24 PST"]
[Termination "Game drawn by repetition"]

1. e4 c5 2. Nf3 Nc6 3. c3 e6 4. d4 cxd4 5. cxd4 d5 6. e5 Nge7 7. Bd3 Nf5 8. Bc2 Be7 9. Nc3 O-O 10. O-O a6 11. Re1 b5 12. Ne2 Qb6 13. Bxf5 exf5 14. Bg5 Bxg5 15. Nxg5 h6 16. Nf3 Be6 17. h4 Rac8 18.
Qd2 Rc7 19. Nf4 Rfc8 20. Rec1 Qa5 21. Rc3 Ne7 22. Rxc7 Qxc7 23. Nd3 Qc2 24. Rc1 Qxd2 25. Rxc8+ Bxc8 26. Nxd2 Nc6 27. Nb3 Kf8 28. a3 Ke7 29.
Nb4 Nxb4 30. axb4 f4 31. g3 fxg3 32. fxg3 f6 33. Kf2 fxe5 34. dxe5 Ke6 35. Ke3 Kxe5 36. Nd4 Bd7 37. Ne2 g5 38. hxg5 hxg5 39. Nd4 Be8 40. Nf3+ Kf5 41. Nd4+ Ke5 42. Nb3 Bd7 43. Nd4 Be8 1/2-1/2

[Event "Late-Titled-Tuesday-Blitz-February-27-2024"]
[Site "Chess.com"]
[Date "2024.02.27"]
[Round "6"]
[White "fandebobbyfischer"]
[Black "Eeleyah"]
[Result "1/2-1/2"]
[WhiteElo "2687"]
[BlackElo "2348"]
[TimeControl "180+1"]
[EndTime "15:05:24 PST"]
[Termination "Game drawn by repetition"]

1. e4 c5 2. Nf3 Nc6 3. d4 cxd4 4. Nxd4 e5 5. Nb5 d6 6. N1c3 a6 7. Na3 b5 8. Nd5 Nge7 9. c4 Nd4 10. Be3 Nxd5 11.
exd5 Nf5 12. Bd2 g6 13. Bd3 Bg7 14. O-O O-O 15. Rb1 Bd7 16. cxb5 axb5 17. Nxb5 Rxa2 18. Nc3 Ra8 19. b4 Nd4 20. Ne4 Ba4 21. Qe1 f5 22. Bg5 Qd7 23. Nc3 Bc2 24. Bxc2 Nxc2 25. Qd2 Nd4 26.
Be3 Nb5 27. Nxb5 Qxb5 28. f3 Rfc8 29. Rfc1 Rab8 30. Bg5 Rxc1+ 31. Rxc1 Qxb4 32. Rc8+ Kf7 33. Rc7+ Kg8 34. Rc8+ Kf7 35. Rc7+ Kg8 36. Rc8+ 1/2-1/2

[Event "Late-Titled-Tuesday-Blitz-February-27-2024"]
[Site "Chess.com"]
[Date "2024.02.27"]
[Round "6"]
[White "jactorres"]
[Black "2L8IWUN"]
[Result "0-1"]
[WhiteElo "2345"]
[BlackElo "2171"]
[TimeControl "180+1"]
[EndTime "15:05:24 PST"]
[Termination "2L8IWUN won by resignation"]

1. e4 e5 2. Nf3 Nc6 3. Bc4 Bc5 4. c3 Nf6 5. d3 a6 6. a4 d6 7. Nbd2 Ba7 8. Nf1 h6 9. Ng3 Be6 10. Ba2 d5 11. Qe2 dxe4 12. dxe4 Qe7 13. O-O O-O 14. Nh4 Bxa2 15. Rxa2 Qe6 16. Ra1 Rad8 17. Nhf5 Rd7 18.
Be3 Bxe3 19. fxe3 Rfd8 20. Nh5 Ne8 21. Qg4 Qg6 22. Qf3 Rd2 23. Nh4 Qe6 24. Qg3 Kh7 25. Rf6 gxf6 26. Nf5 Ne7 27. Nhg7 Rd1+ 28. Rxd1 Rxd1+ 29. Kf2 Nxf5 30. Nxf5 Qc4 31. Qh4 Qf1+ 32. Kg3 Qe1+ 33.
Kg4 Qxh4+ 0-1

[Event "Late-Titled-Tuesday-Blitz-February-27-2024"]
[Site "Chess.com"]
[Date "2024.02.27"]
[Round "6"]
[White "Charodej1"]
[Black "Yahisalem"]
[Result "1-0"]
[WhiteElo "2310"]
[BlackElo "2016"]
[TimeControl "180+1"]
[EndTime "15:05:24 PST"]
[Termination "Charodej1 won by resignation"]

1. e4 d6 2. d4 Nf6 3. Nc3 g6 4. f3 Bg7 5. Be3 O-O 6. Qd2 Nc6 7. Nge2 e5 8. O-O-O Bd7 9. g4 exd4 10. Nxd4 Ne5 11. Be2 Bc6 12. h4 a6 13. h5 Re8 14.
hxg6 hxg6 15. g5 Nfd7 16. f4 Bxe4 17. Nxe4 Nc6 18. Nxc6 bxc6 19. Bd3 Rb8 20. b3 d5 21.
Ng3 Qe7 22. Rde1 Qa3+ 23. Kd1 Qxa2 24. f5 Be5 25. fxg6 Bxg3 26. gxf7+ Kxf7 27. Ref1+ Ke7 28. Qg2 Qa1+ 29. Ke2 Qe5 30. Rf5 Qxe3+ 31. Kxe3 Kd8+ 32. Kd2 Bd6 33. g6 Nc5 34. g7 Kd7 35. Rf7+ Re7 36. Rxe7+ Bxe7 37. g8=Q Rxg8 38. Qxg8 Ne6 39. Bf5 1-0

[Event "Late-Titled-Tuesday-Blitz-February-27-2024"]
[Site "Chess.com"]
[Date "2024.02.27"]
[Round "6"]
[White "Supelyel"]
[Black "farzadbfd"]
[Result "0-1"]
[WhiteElo "2435"]
[BlackElo "2677"]
[TimeControl "180+1"]
[EndTime "15:05:25 PST"]
[Termination "farzadbfd won on time"]

1. c4 e6 2. Nc3 d5 3. cxd5 exd5 4. d4 c6 5. Nf3 Bf5 6. Bf4 Bd6 7. Bg3 Nf6 8. e3 O-O 9. Bd3 Bxd3 10. Qxd3 a5 11. O-O Re8 12. a3 a4 13. Qc2 Bxg3 14. hxg3 Qa5 15. Ne5 Nbd7 16. Nd3 Nb6 17.
Nc5 Nfd7 18. Nxb7 Qa7 19. Nd6 Re6 20. Nf5 Nc4 21. Rfb1 g6 22. Nh4 Nf6 23. Nf3 Ng4 24. b3 axb3 25. Rxb3 Kg7 26. a4 h5 27. Rab1 Qa6 28. Qc1 Rf6 29. Rb7 Nd6 30. R7b6 Qc8 31. Ne2 Ne4 32. Nf4 Ngxf2 33. Ne5 Rxa4 34. Rb8 Qa6 0-1

[Event "Late-Titled-Tuesday-Blitz-February-27-2024"]
[Site "Chess.com"]
[Date "2024.02.27"]
[Round "6"]
[White "rikchessmx"]
[Black "aghasiyevkamal"]
[Result "0-1"]
[WhiteElo "2250"]
[BlackElo "2622"]
[TimeControl "180+1"]
[EndTime "15:05:28 PST"]
[Termination "aghasiyevkamal won by resignation"]

1. e4 e5 2. Nf3 Nc6 3. Bb5 a6 4. Ba4 Nf6 5. O-O b5 6. Bb3 Bc5 7. d3 d6 8. c3 h6 9. Be3 O-O 10. Nbd2 Be6 11. d4 Bxb3 12. Nxb3 exd4 13. cxd4 Bb6 14.
d5 Bxe3 15. fxe3 Ne7 16. Nbd4 Nxe4 17. Rc1 Ng6 18. Qd3 Re8 19. Rc2 Nc5 20. Qd2 Qe7 21.
b4 Na4 22. Nf5 Qe4 23. N3d4 Nb6 24. Rxc7 Nxd5 25. Nxd6 Qxe3+ 26. Qxe3 Rxe3 27. Rb7 Nf6 28. Rxf7 Rd3 29. N4f5 Ne8 30. Nxe8 Kxf7 31. Nexg7 Kg8 32. Nh5 Rad8 33. Nxh6+ Kh7 34. Ng4 Rd1 35. Nhf6+ Kg7 36. g3 Rxf1+ 37. Kxf1 Rd2 38. h4 Rxa2 39. h5 Nf8 40. h6+ Kg6 41. Ne4 Rb2 42. Nc5 Rxb4 43. Ne5+ Kxh6 44. Nxa6 Rb1+ 45. Kg2 b4 46. Nf7+ Kg7 47.
Ne5 b3 48. Nd3 b2 49. Nxb2 Rxb2+ 50. Kh3 Rc2 51. Nb4 Rc5 52. Nd3 Rg5 53. Nf4 Kf6 54. Kg2 Ng6 55. Nh3 Ra5 56. Nf2 Kf5 57. Kf3 Ra3+ 58.
Kg2 Ra2 59. Kf3 Ne5+ 60. Ke3 Ng4+ 61. Nxg4 Kxg4 0-1

[Event "Late-Titled-Tuesday-Blitz-February-27-2024"]
[Site "Chess.com"]
[Date "2024.02.27"]
[Round "6"]
[White "secretsuperstar7"]
[Black "FredddieCroderg"]
[Result "1-0"]
[WhiteElo "2509"]
[BlackElo "2278"]
[TimeControl "180+1"]
[EndTime "15:05:29 PST"]
[Termination "secretsuperstar7 won by resignation"]

1. c4 e6 2. Nc3 d5 3. e3 Nf6 4. Nf3 Be7 5. d4 O-O 6. Be2 c5 7. cxd5 cxd4 8. Nxd4 exd5 9. O-O Nc6 10. b3 Nxd4 11.
Qxd4 Be6 12. Bb2 Rc8 13. Rfd1 Bc5 14. Qd3 Qe7 15. Bf3 Rfd8 16. Nb5 a6 17. Nd4 Ba3 18. Bc3 Qc5 19. Nxe6 fxe6 20. Bxf6 gxf6 21. Bg4 f5 22. Bf3 Qc2 23. Qf1 Rc5 24. Be2 Rdc8 25. Bd3 Qb2 26. Rab1 Qf6 27. Qe2 Rc3 28. Qf3 R8c7 29. h3 Bd6 30.
Qe2 Qe5 31. Qh5 Rf7 32. g3 Bc5 33. Rbc1 Rxc1 34. Rxc1 Bxe3 35. Rc8+ Kg7 36. fxe3 Qxe3+ 37. Kg2 Qd2+ 38. Qe2 Qc3 39. Rxc3 1-0

[Event "Late-Titled-Tuesday-Blitz-February-27-2024"]
[Site "Chess.com"]
[Date "2024.02.27"]
[Round "6"]
[White "MFatigue"]
[Black "Rashad_Zeynalli"]
[Result "0-1"]
[WhiteElo "2512"]
[BlackElo "2640"]
[TimeControl "180+1"]
[EndTime "15:05:30 PST"]
[Termination "Rashad_Zeynalli won by checkmate"]

1. e4 c5 2. a3 Nc6 3. b4 d6 4. b5 Nd4 5. c3 Ne6 6. d4 cxd4 7. cxd4 Nf6 8. Nc3 Qa5 9. Qd2 g6 10. Nf3 Bh6 11. Qc2 Nxe4 12. Bxh6 Qxc3+ 13. Qxc3 Nxc3 14. Bd3 Bd7 15. a4 a6 16. Bd2 Nd5 17. Be4 Nec7 18. b6 Nxb6 19. Ba5 Nbd5 20. Bxc7 Nxc7 21. Bxb7 Rb8 22.
Be4 f5 23. Bd3 Bc6 24. Be2 a5 25. O-O Ne6 26. Rfc1 Kd7 27. Rab1 Bxf3 28. Bxf3 Nxd4 29. Bd1 Rhc8 30. Kf1 Rb4 31. Ke1 e5 32. Kd2 Rxc1 33.
Rxc1 Nb3+ 34. Bxb3 Rxb3 35. Rc4 Rb2+ 36. Ke3 Ra2 37.
Rh4 f4+ 38. Kf3 h5 39. g4 Ra3+ 40. Ke4 Ke6 41. gxh5 d5# 0-1

[Event "Late-Titled-Tuesday-Blitz-February-27-2024"]
[Site "Chess.com"]
[Date "2024.02.27"]
[Round "6"]
[White "Bilan_Danila"]
[Black "Joachim100x"]
[Result "0-1"]
[WhiteElo "2537"]
[BlackElo "2470"]
[TimeControl "180+1"]
[EndTime "15:05:30 PST"]
[Termination "Joachim100x won on time"]

1. d4 Nf6 2. Nf3 g6 3. Bg5 Bg7 4. c3 O-O 5. Nbd2 d5 6. e3 b6 7. Bd3 Bb7 8. Ne5 c5 9. O-O Nc6 10. f4 h6 11. Bh4 Nxe5 12. fxe5 Ne4 13. Nxe4 dxe4 14. Bc4 g5 15. Bg3 e6 16. Qh5 Bd5 17.
Bxd5 exd5 18. Rf5 cxd4 19. cxd4 Qd7 20. Raf1 Rac8 21. h4 Rc6 22. hxg5 Rg6 23. gxh6 Rxh6 24. Qe2 Rg6 25. Bh4 Rc8 26. Bf6 Rc6 27. Qh5 Rc2 28. R5f2 Qc6 29. Bxg7 Rxg7 30. Kh2 Rxf2 31. Rxf2 Rh7 0-1

[Event "Late-Titled-Tuesday-Blitz-February-27-2024"]
[Site "Chess.com"]
[Date "2024.02.27"]
[Round "6"]
[White "reevecanada"]
[Black "emeli_chess"]
[Result "1-0"]
[WhiteElo "2618"]
[BlackElo "2430"]
[TimeControl "180+1"]
[EndTime "15:05:31 PST"]
[Termination "reevecanada won by checkmate"]

1. e4 e5 2. Nf3 Nc6 3. d4 exd4 4. Nxd4 Bc5 5. Nb3 Bb6 6. Nc3 Nf6 7. Qe2 a5 8. Be3 Bxe3 9. Qxe3 O-O 10. O-O-O a4 11. Nd4 Nxd4 12. Rxd4 a3 13. b3 h6 14. Be2 c6 15. e5 Nh7 16. Rhd1 Qg5 17. f4 Qxg2 18.
Bf3 Qxh2 19. Rh1 Qg3 20. Ne2 Qg6 21. Rd6 f6 22. Bh5 Qg2 23. Bf3 Qg6 24. Be4 Qf7 25.
Qd3 f5 26. Bf3 Qe7 27. Ng3 Ng5 28. Bh5 Ne4 29. Nxe4 fxe4 30. Qxe4 Ra5 31. Rg1 Rd5 32. Rxh6 d6 33. Qh7# 1-0